 Dungeon Crawl Stone Soup version 0.29.0-11-gd7f09526c8 (webtiles) character file.

Game seed: 12407048360360724147

2585 avis the Thaumaturge (level 9, -16/42 HPs)
             Began as a Felid Summoner on Sept 3, 2022.
             Was an Initiate of Gozag.
             Hit by a javelin thrown by a minotaur (34 damage)
             ... in a Gauntlet.
             The game lasted 02:51:06 (13833 turns).

avis the Thaumaturge (Felid Summoner)              Turns: 13833, Time: 02:51:07

Health: -16/42     AC:  2    Str:  4    XL:     9   Next: 32%
Magic:  22/23      EV: 22    Int: 21    God:    Gozag
Gold:   306        SH:  0    Dex: 17    Spells: 11/26 levels left
                                        Lives:  0   Deaths: 3

rFire   . . .      SeeInvis +   (weapon unavailable)
rCold   . . .      Faith    .   (shield unavailable)
rNeg    . . .      Spirit   .   (body armour unavailable)
rPois   .          Reflect  .   (helmet unavailable)
rElec   .          Harm     .   (cloak unavailable)
rCorr   .          Rampage  .   (gloves unavailable)
Will    ++...      NoTele   +   (boots unavailable)
Stlth   ++........              z - amulet of magic regeneration
HPRegen 0.14/turn               d - ring of willpower
MPRegen 0.58/turn               x - ring of wizardry

@: quick
A: very small, claws 1, fangs 3, see invisible, speed 1, shaggy fur 2, stealthy
paws, no weapons or thrown items, no armour, multi-lived
a: Renounce Religion, Potion Petition, Call Merchant, Bribe Branch


You were in a Gauntlet.
You worshipped Gozag.
Gozag was aware of your devotion.
You visited 3 branches of the dungeon, and saw 11 of its levels.
You also visited: Gauntlet.

You collected 1553 gold pieces.
You spent 1134 gold pieces at shops.
You paid 113 gold pieces to Gozag.

Inventory:

Jewellery
 d - a ring of willpower (left paw)
 l - an amulet of the acrobat
 o - a ring of resist corrosion
 u - the amulet of the Pharaoh's Fist {rPois rF+ Regen+ Stlth+}
   (You bought it in a shop on level 6 of the Dungeon)

   [amulet of regeneration]

   rF:        It protects you from fire.
   rPois:     It protects you from poison.
   Regen:     It increases your rate of health regeneration.
   Stlth:     It makes you more stealthy.
 x - a ring of wizardry (right paw)
 z - an amulet of magic regeneration (around neck)
 C - a ring of protection from cold
 D - a ring of protection from cold
 E - an amulet of regeneration
Wands
 m - a wand of roots (23)
 p - a wand of charming (14)
 y - a wand of flame (8)
 A - a wand of acid (6)
Scrolls
 c - a scroll of teleportation {unknown}
 e - a scroll of poison {unknown}
 h - 3 scrolls of magic mapping
 i - 2 scrolls of summoning {unknown}
 q - a scroll of torment {unknown}
 r - 2 scrolls of brand weapon {unknown}
 v - a scroll of vulnerability {unknown}
 w - a scroll of amnesia {unknown}
Potions
 a - 2 potions of haste {unknown}
 b - 2 potions of mutation
 f - 3 potions of ambrosia
 g - 2 potions of flight
 j - a potion of brilliance
 k - 3 potions of heal wounds
 n - 2 potions of cancellation
 s - a potion of resistance
 t - 3 potions of curing
 B - a potion of might


   Skills:
 + Level 6.4 Fighting
 + Level 8.8 Dodging
 - Level 3.0 Stealth
 * Level 9.0 Spellcasting
 - Level 5.0 Hexes
 + Level 8.5 Summonings
 - Level 3.0 Translocations
 - Level 7.0 Air Magic
 + Level 2.9 Evocations


You had 11 spell levels left.
You knew the following spells:

 Your Spells              Type           Power      Damage    Failure   Level
a - Summon Small Mammal   Summ           100%       N/A       1%          1
b - Blink                 Tloc           44%        N/A       1%          2
c - Call Imp              Summ           45%        N/A       1%          2
d - Call Canine Familiar  Summ           45%        N/A       1%          3
g - Summon Guardian Gole  Hex/Summ       37%        N/A       1%          3
l - Summon Lightning Spi  Summ/Air       42%        N/A       1%          4

Your spell library contained the following spells:

 Spells                   Type           Power      Damage    Failure   Level
 Sting                    Tmut/Pois      36%        1d4       2%          1
 Gell's Gravitas          Tloc           22%        N/A       2%          3
 Lesser Beckoning         Tloc           22%        N/A       2%          3
 Teleport Other           Tloc           22%        N/A       2%          3
 Manifold Assault         Tloc           22%        N/A       22%         5
 Blade Hands              Tmut           4%         N/A       58%         5
 Dispersal                Tloc           11%        N/A       75%         6
 Haunt                    Necr/Summ      13%        N/A       98%         7
 Storm Form               Tmut/Air       12%        N/A       99%         7
 Infestation              Necr           4%         N/A       100%        8
 Animate Dead             Necr           Unusable   N/A       N/A         4

Dungeon Overview and Level Annotations

Branches:
Dungeon (8/15)             Temple (1/1) D:4            Lair (2/5) D:8
 Shoals (0/4) Lair:2      Gauntlet (1/1)
  Snake: Lair:2-3    Spider: Lair:2-3

Altars:
Ashenzari
Cheibriados
Dithmenos
Elyvilon
Fedhas
Gozag
Hepliaklqana
Kikubaaqudgha
Makhleb
Nemelex Xobeh
Okawaru
Qazlal
Ru
Sif Muna
Trog
Uskayaw
Vehumet
Wu Jian
Xom
Yredelemnul
Zin
The Shining One

Shops:
D:6 =

Annotations:
D:6 3 runed translucent doors, lambentLogic's ghost, novice KoMo Gauntlet 8 transporters, exclusion: oklob plant


Innate Abilities, Weirdness & Mutations

You have sharp claws.
You have razor-sharp teeth.
You have supernaturally acute eyesight. (SInv)
You cover ground quickly. (Speed+)
You are covered in thick fur. (AC +2)
Your paws help you pounce on unaware monsters.
You are incapable of wielding weapons or throwing items.
You cannot wear armour.
You gain extra lives every three experience levels.


Message History

You open the door.
A minotaur comes into view.
It is wielding a +3 morningstar of draining and wearing the +4 skin of Zhor {*Englaciate rC+++ SInv}.
The minotaur throws a javelin.
The javelin barely misses your guardian golem.
Found a chain mail.
Found a gate leading back out of this place.
You close the door.
You swap places.
Unknown command.
Something unseen opens the door.
What are your orders? t - Meow!
Orders for allies: a - Attack new target. r - Retreat! s - Stop attacking. g - Guard the area. f - Follow me.
Anything else - Cancel.
Gang up on whom?
Press: ? - help, Dir - move target, f - minotaur
Aim: a minotaur, wielding a +3 morningstar of draining, wearing the +4 skin of Zhor {*Englaciate rC+++ SInv} and quivering javelins Attack!
The minotaur throws a javelin.
The javelin pierces through your guardian golem!
The javelin barely misses you.
The minotaur hits your guardian golem with a +3 morningstar of draining!!
The minotaur gores your guardian golem!
Your guardian golem overheats!
Casting: Summon Guardian Golem (safe; 1% risk of failure)
Confirm with . or Enter, or press ? or * to list all spells.
A beastly little devil appears in a puff of flame.
The minotaur throws a javelin.
The javelin pierces through your guardian golem!
Your guardian golem disappears in a puff of smoke!
The javelin pierces through you!!
Ouch! That really hurt!
Your guardian golem explodes!
The fiery explosion engulfs the minotaur!
The minotaur is engulfed in blazing flames.
The minotaur throws a javelin.
The javelin pierces through you!!
Ouch! That really hurt!
You die...
Your body crumbles into a pile of gold.

#8#
#≈...............≈#
#8 ###
#8.8.8..©.©..8.8.8#
##
#≈...............≈#
#####.###.###.#####
##.###.###.###
#.............#
#.###.###.###.#
#.###.###.###.#
#.5@.§.§......#
#######H#######
.... ##.### ... ≈H≈
≈≈≈ #####


You could see a minotaur (ally target) and a friendly crimson imp (summoned).

Vanquished Creatures
  An orc wizard (D:3)
  A gnoll (D:3)
  2 worms (D:3)
  An endoplasm (D:1)
  2 giant cockroaches (D:1)
  A goblin (D:2)
  A jackal (D:3)
  2 ball pythons
  2 bats
  2 rats
15 creatures vanquished.

Vanquished Creatures (collateral kills)
  A black mamba (Lair:1)
  A komodo dragon (Lair:1)
  4 blink frogs (Lair:1)
  5 yaks
  A basilisk (Lair:1)
  2 water moccasins
  An ice beast (D:6)
  An orc warrior (D:8)
  A black bear (D:8)
  3 ogres
  A centaur (D:8)
  Blork the orc (D:6)
  9 bullfrogs
  A scorpion (D:6)
  2 killer bees (D:7)
  A howler monkey (D:4)
  4 hounds
  A jelly (D:5)
  5 orc priests
  2 gnoll boudas (D:3)
  2 iguanas
  7 orc wizards
  22 gnolls
  4 adders
  A shadow imp (D:7)
  An ufetubus (D:7)
  6 worms
  A dart slug (D:3)
  45 orcs
  6 endoplasms
  A goblin (D:2)
  6 hobgoblins
  11 jackals
  A quokka (D:4)
  6 ball pythons
  3 bats
  A frilled lizard (D:3)
  11 kobolds
  4 rats
186 creatures vanquished.

Vanquished Creatures (others)
  A hydra (Lair:1)
  A death scarab (Gauntlet)
  A spectral hydra (Gauntlet)
  A komodo dragon (Lair:1)
  A blink frog (Lair:1)
  5 yaks
  A wyvern (D:7)
  A basilisk (Lair:1)
  Menkaure (D:4)
  Edmund (D:4)
  2 water moccasins
  An orc warrior (D:8)
  Duvessa (D:6)
  An ice beast (D:5)
  A centaur (D:8)
  A kobold brigand (D:8)
  3 bullfrogs
  A gnoll sergeant (D:3)
  Dowan (D:6)
  6 killer bees (D:8)
  A jelly (D:7)
  3 orc priests
  3 iguanas
  8 gnolls
  4 orcs
  3 kobolds (D:8)
  2 demonic plants (Gauntlet)
  5 fungi
  7 plants (Lair:1)
68 creatures vanquished.

Grand Total: 269 creatures vanquished

Notes
Turn   | Place    | Note
-------+----------+-------------------------------------------
     0 | D:1      | avis the Felid Summoner began the quest for the Orb.
     0 | D:1      | Reached XP level 1. HP: 7/7 MP: 4/4
    77 | D:1      | Found a faded altar of an unknown god.
   509 | D:1      | Reached XP level 2. HP: 12/12 MP: 6/6
   512 | D:1      | Learned a level 2 spell: Call Imp
  1313 | D:2      | Found a bloodstained altar of Trog.
  1355 | D:2      | Reached skill level 1 in Fighting
  1473 | D:2      | Reached XP level 3. HP: 15/15 MP: 0/8
  1545 | D:2      | Learned a level 3 spell: Call Canine Familiar
  2080 | D:2      | Reached skill level 3 in Spellcasting
  2456 | D:3      | Reached XP level 4. HP: 18/19 MP: 2/9
  2830 | D:2      | Learned a level 3 spell: Summon Guardian Golem
  2888 | D:3      | Killed from afar by an orc priest
  2889 | D:3      | Reached XP level 3. HP: -6/15 MP: 3/8
  2921 | D:3      | Reached skill level 1 in Hexes
  2921 | D:3      | Reached XP level 4. HP: 19/19 MP: 5/10
  2936 | D:3      | Noticed an ogre
  3168 | D:3      | Killed an ogre
  3169 | D:3      | Reached skill level 4 in Spellcasting
  3169 | D:3      | Reached XP level 5. HP: 22/22 MP: 2/12
  3315 | D:3      | Reached skill level 5 in Summonings
  3776 | D:3      | Gained mutation: You are covered in thick fur. (AC +2)
                  | [Felid growth]
  3776 | D:3      | Reached XP level 6. HP: 5/25 MP: 0/13
  3781 | D:3      | Learned a level 4 spell: Summon Lightning Spire
  4419 | D:3      | Reached skill level 1 in Air Magic
  5632 | D:3      | Reached XP level 7. HP: 27/28 MP: 7/15
  5671 | D:3      | Reached skill level 5 in Spellcasting
  5942 | D:3      | Learned a level 2 spell: Blink
  6025 | D:4      | Noticed Edmund
  6350 | D:4      | Killed Edmund
  6351 | D:4      | Reached skill level 1 in Translocations
  6664 | D:4      | Noticed Menkaure
  6691 | D:4      | Killed Menkaure
  6692 | D:4      | Reached XP level 8. HP: 18/33 MP: 11/16
  6895 | D:4      | Found a staircase to the Ecumenical Temple.
  6913 | Temple   | Entered the Ecumenical Temple
  6972 | Temple   | Became a worshipper of Gozag Ym Sagoz the Greedy
  7026 | D:5      | Entered Level 5 of the Dungeon
  7046 | D:4      | Reached skill level 5 in Hexes
  7046 | D:4      | Reached skill level 1 in Evocations
  7643 | D:5      | Got the Dissertation on Shaping
  8082 | D:6      | Noticed Duvessa
  8082 | D:6      | Noticed Dowan
  8115 | D:6      | Killed Dowan
  8127 | D:6      | Killed Duvessa
  8275 | D:6      | Reached skill level 5 in Dodging
  8346 | D:6      | Found Wusob's Jewellery Shop.
  8411 | D:6      | Noticed Blork the orc
  8420 | D:6      | Killed Blork the orc
  8616 | D:6      | Found a runed translucent gate.
  8616 | D:6      | Found a runed translucent gate.
  8616 | D:6      | Found a runed translucent gate.
  8618 | D:6      | Noticed lambentLogic's ghost (novice KoMo)
  9143 | D:6      | Reached XP level 9. HP: 30/38 MP: 1/18
  9568 | D:7      | Reached skill level 5 in Air Magic
  9849 | D:7      | Reached skill level 6 in Spellcasting
 10021 | D:7      | Identified the +6 chain mail of the Skies Above {rElec
                  | Dex+4}
 10471 | D:6      | Bought the amulet of the Pharaoh's Fist {rPois rF+ Regen+
                  | Stlth+} for 714 gold pieces
 11708 | D:8      | Found a staircase to the Lair.
 11730 | D:8      | Found a shimmering blue altar of Sif Muna.
 12170 | D:6      | Bought a ring of wizardry for 420 gold pieces
 12216 | Lair:1   | Entered Level 1 of the Lair of Beasts
 12225 | D:8      | Reached XP level 10. HP: 31/43 MP: 8/21
 12449 | Lair:1   | Reached skill level 7 in Spellcasting
 12480 | Lair:1   | Reached skill level 5 in Fighting
 12622 | Lair:1   | Noticed a black mamba
 12635 | Lair:1   | Killed a black mamba
 12840 | Lair:1   | Noticed a six-headed hydra
 12862 | Lair:1   | Killed a six-headed hydra
 12863 | Lair:1   | Reached skill level 8 in Spellcasting
 13157 | Lair:1   | Identified the +5 ring mail of Honour {Harm}
 13236 | Lair:1   | Reached XP level 11. HP: 48/48 MP: 22/24
 13396 | Lair:2   | Found a gate leading to a gauntlet.
 13411 | Gauntlet | Entered a Gauntlet
 13411 | Gauntlet | Found a transporter.
 13411 | Gauntlet | Found a transporter.
 13411 | Gauntlet | Found a transporter.
 13433 | Gauntlet | Found a transporter.
 13449 | Gauntlet | Found a transporter.
 13451 | Gauntlet | Found a transporter.
 13465 | Gauntlet | Found a transporter.
 13496 | Gauntlet | Found a transporter.
 13496 | Gauntlet | Found a transporter.
 13496 | Gauntlet | Noticed an oklob plant
 13498 | Gauntlet | Found a transporter.
 13511 | Gauntlet | Noticed a hell beast
 13522 | Gauntlet | Found a transporter.
 13524 | Gauntlet | Found a transporter.
 13529 | Gauntlet | Noticed a death scarab
 13678 | Gauntlet | Killed a death scarab
 13680 | Gauntlet | HP: 1/47 [spectral seven-headed hydra (12)]
 13680 | Gauntlet | Slain by a spectral seven-headed hydra
 13681 | Gauntlet | Reached XP level 10. HP: -3/42 MP: 23/23
 13750 | Gauntlet | Killed a spectral seven-headed hydra
 13751 | Gauntlet | Reached skill level 9 in Spellcasting
 13805 | Gauntlet | Killed from afar by an acid dragon
 13806 | Gauntlet | Reached XP level 9. HP: -4/42 MP: 22/23
 13823 | Gauntlet | Noticed a minotaur
 13833 | Gauntlet | Hit by a javelin thrown by a minotaur

Illustrated notes

Levels and vault maps discovered:
D:1:      scummos_arrival_checkerplants, layout_basic,
          hellmonk_ecumenical_altar_crossroads
D:2:      layout_loops_ring, basic_altar, serial_glass, glass_columns_a,
          glass_columns_a, glass_columns_b, glass_columns_a, glass_columns_a,
          glass_columns_a, due_unseen_surprise, item_on_display_a
D:3:      lemuel_castle_with_subvaults [lemuel_castle_interior_carwin_3],
          layout_rooms, kennysheep_crisscross, nicolae_wormholes
D:4:      layout_basic, minmay_temple_entry_arrows, grunt_ministairs_10,
          uniq_edmund, uniq_menkaure
D:5:      minmay_angry_zag, layout_rooms, corexii_item_surrounded_by_moat
D:6:      layout_basic, ebering_ghost_rock_garden, serial_shops,
          nicolae_stop_n_shop_1, uniq_duvessa, uniq_blork_the_orc
D:7:      layout_basic, ldierk_geyser, due_unseen_surprise
D:8:      layout_rooms, mainiacjoe_overflow_six_doors_small, lair_entry_dummy,
          nicolae_straight_to_the_point
Temple:   grunt_wide_crystal_templ
Lair:1:   layout_misc_corridors, chequers_serial_rivers_micro_b
Lair:2:   layout_concentric_octagons, shoals_dummy_entry,
          gauntlet_entry_generic, uniq_nergalle, uniq_amaemon
Gauntlet: gammafunk_gauntlet_hard_choice [gammafunk_gauntlet_arena_crates,
          gammafunk_gauntlet_arena_mazey, gammafunk_gauntlet_arena_corners,
          gammafunk_gauntlet_arena_teeth, nicolae_gauntlet_arena_quarters,
          gammafunk_gauntlet_arena_open, gauntlet_exit_watery]

Skill      XL: |  1  2  3  4  5  6  7  8  9 10 |
---------------+-------------------------------+-----
Fighting       | 1 2 3 4 6 |  6.4
Stealth        | 3 |  3.0
Spellcasting   | 3 4 5 6 9 |  9.0
Hexes          | 1 2 3 4 5 |  5.0
Summonings     | 5 6 7 8 |  8.5
Air Magic      | 1 3 4 6 7 |  7.0
Dodging        | 3 4 5 6 8 |  8.8
Translocations | 1 2 3 |  3.0
Evocations     | 1 2 |  2.9

Action                   |  1- 3 |  4- 6 |  7- 9 | 10-12 || total
-------------------------+-------+-------+-------+-------++-------
Melee: Unarmed           |    32 |    35 |    13 |       ||    80
       Bite              |     2 |     4 |     3 |       ||     9
       Punch             |       |     1 |       |       ||     1
 Cast: Summon Small Mamm |    25 |     9 |     2 |     2 ||    38
       Call Imp          |    16 |    21 |    32 |     6 ||    75
       Call Canine Famil |     8 |    30 |    56 |    11 ||   105
       Summon Guardian G |       |     6 |    49 |    21 ||    76
       Summon Lightning  |       |       |    10 |    12 ||    22
       Blink             |       |       |     1 |       ||     1
Evoke: Wand              |       |       |     2 |       ||     2
  Use: Scroll            |     4 |       |     7 |     2 ||    13
       Potion            |       |       |       |     2 ||     2
 Stab: Sleeping          |     5 |       |     4 |       ||     9
       Distracted        |     1 |     2 |       |       ||     3
Armor: Skin              |     3 |     2 |     2 |       ||     7
Dodge: Dodged            |    23 |    76 |    83 |    27 ||   209
